 Dungeon Crawl Stone Soup version 0.21.0-24-g2553a33 (webtiles) character file.

5 tidbits the Ducker (level 1, 3/17 HPs)
             Began as a Gnoll Wanderer on Jan 19, 2018.
             Quit the game on level 3 of the Dungeon.
             The game lasted 00:01:44 (162 turns).

tidbits the Ducker (Gnoll Wanderer)                  Turns: 162, Time: 00:01:45

Health: 3/17       AC:  2    Str: 10 (13) XL:     1   Next: 80%
Magic:  4/4        EV: 17    Int: 10 (13) God:
Gold:   21         SH:  8    Dex: 18 (21) Spells: 5/5 levels left

rFire    . . .     SeeInvis .   a - +0 falchion
rCold    . . .     Gourm    .   D - +0 shield
rNeg     . . .     Faith    .   B - +0 robe
rPois    .         Spirit   .   (no helmet)
rElec    .         Reflect  .   (no cloak)
rCorr    .         Harm     .   (no gloves)
MR       .....                  (no boots)
Stlth    ++........             (no amulet)
HPRegen  0.05/turn              g - ring of loudness (curse)
MPRegen  0.09/turn              (no ring)

@: agile, seriously poisoned (3 -> 1), hasted, very quick
A: distributed training, fangs 1, strong nose
a: no special abilities


You were on level 3 of the Dungeon.
You were not hungry.

You visited 1 branch of the dungeon, and saw 3 of its levels.

You collected 21 gold pieces.

Inventory:

Hand Weapons
 a - a +0 falchion (weapon)
 i - a +0 arbalest
Missiles
 j - 13 arrows
Armour
 B - a +0 robe (worn)
 D - a +0 shield (worn)
Jewellery
 g - a cursed ring of loudness (left hand)
   (You found it on level 2 of the Dungeon)
Books
 f - the Catalogue of Arcane Weapons

   Spells                             Type                      Level
   a - Magic Dart                     Conjuration                  1
   b - Stone Arrow                    Conjuration/Earth            3
Comestibles
 c - 3 rations


   Skills:
 + Level 2.4 Fighting
 + Level 0.1 Short Blades
 + Level 2.4 Long Blades
 + Level 0.1 Axes
 + Level 0.1 Maces & Flails
 + Level 0.1 Polearms
 + Level 0.1 Staves
 + Level 0.1 Slings
 + Level 0.1 Bows
 + Level 0.1 Crossbows
 + Level 0.1 Throwing
 + Level 0.1 Armour
 + Level 4.4 Dodging
 + Level 2.2 Stealth
 + Level 2.4 Shields
 + Level 0.1 Unarmed Combat
 + Level 2.6 Spellcasting
 + Level 0.1 Conjurations
 + Level 0.1 Hexes
 + Level 0.1 Charms
 + Level 3.6 Summonings
 + Level 0.1 Necromancy
 + Level 0.1 Translocations
 + Level 0.1 Transmutations
 + Level 0.1 Fire Magic
 + Level 0.1 Ice Magic
 + Level 0.1 Air Magic
 + Level 0.1 Earth Magic
 + Level 0.1 Poison Magic
 + Level 0.2 Invocations
 + Level 2.4 Evocations


You had 5 spell levels left.
You didn't know any spells.

Dungeon Overview and Level Annotations

Branches:
Dungeon (3/15)

Altars:
Uskayaw


Innate Abilities, Weirdness & Mutations

Your experience applies equally to all skills.
You have very sharp teeth.
Your uncanny sense of smell can sniff out nearby items.


Message History

You closely miss the frilled lizard. You block the frilled lizard's attack.
You hit the frilled lizard.
You kill the frilled lizard!
You see here a metallic grey potion.
e - a metallic grey potion A rat comes into view.
The rat bites you but does no damage.
You see here a moonstone ring.
You slash the rat!
You kill the rat!
g - a moonstone ring Put on which piece of jewellery? (? for menu, Esc to quit)
Oops, that ring feels deathly cold.
g - a cursed ring of loudness (left hand)
There is a stone staircase leading down here.
Found a lumpy white potion.
Found a ration.
A frilled lizard and a goblin come into view.
You see here a lumpy white potion.
h - a lumpy white potion The goblin shouts! 2 jackals come into view.
The jackal moves out of view.
There is a stone staircase leading down here.
You climb downwards.
Found a ration.
Found a stone staircase leading down.
There is a stone staircase leading up here.
Okay, then.
You see here a ration.
You see here a ration.
c - 3 rations (gained 1)
Found an arbalest.
You see here an arbalest.
i - an arbalest
Found 13 arrows.
You see here 13 arrows.
j - 13 arrows
Found a scroll labeled LAARIX INNI.
You see here a scroll labeled LAARIX INNI.
As you read the scroll labeled LAARIX INNI, it crumbles to dust.
You feel aware of your surroundings.
You sensed 2 altars.
It was a scroll of magic mapping.
A kobold comes into view.
The kobold shouts!
The kobold wields a blowgun.
The kobold shoots a poisoned needle.
You block the poisoned needle.
You see here a poisoned needle.
A goblin comes into view.
The kobold shoots a poisoned needle.
You block the poisoned needle.
You see here a poisoned needle.
The goblin shouts!
The kobold shoots a poisoned needle.
The poisoned needle hits you!
You are poisoned.
You feel sick.
The kobold unwields an uncursed blowgun.
You block the kobold's attack.
You hit the kobold. You bite the kobold, but do no damage.
The kobold is heavily wounded.
You feel sick. The kobold barely misses you. You block the goblin's attack.
You hit the kobold but do no damage.
The kobold is heavily wounded.
You feel sick. You block the kobold's attack. The goblin closely misses you.
You block the kobold's attack.
You hit the kobold.
You kill the kobold!
The goblin closely misses you.
You riposte.
Your shield prevents you from hitting the goblin.
You hit the goblin.
The goblin is moderately wounded.
You feel sick. You block the goblin's attack. The goblin hits you.
You hit the goblin. Your bite misses the goblin.
The goblin is severely wounded.
You block the goblin's attack.
You barely miss the goblin. Your bite misses the goblin.
The goblin is severely wounded.
You feel sick. The goblin hits you but does no damage.
You miss the goblin.
The goblin is severely wounded.
You block the goblin's attack. The goblin hits you.
* * * LOW HITPOINT WARNING * * *
Your shield prevents you from hitting the goblin.
The goblin is severely wounded.
You feel sick. The goblin hits you.
* * * LOW HITPOINT WARNING * * *
You hit the goblin.
You kill the goblin!
* * * LOW HITPOINT WARNING * * *
You feel sick.
Things that are here:
an uncursed blowgun; 12 poisoned needles It was a potion of agility.
You feel agile all of a sudden.
It was a potion of haste.
You feel yourself speed up.
It was a potion of degeneration.
There was something very wrong with that liquid.
You feel weakened.
You feel dopey.
You feel clumsy.
* * * LOW HITPOINT WARNING * * *
You feel sick.
It was a potion of magic.
Magic courses through your body.
Are you sure you want to abandon this character and quit the game? (Confirm with "yes".)

,,,,,,,,,,,,,,,******* #.#
*,,**********,,*##,,.## #.###
*,,* *,,##.**#.#######.#.. ,,,*
*,,,..* #............ *,**
*****.###.#######.#.. ,,,*
*#....# #.#.# ,,,* #..#.# #.#.#
*,,******#########..#.#######.#.#
*,,,,,,,,.......@..(..(.........#
*,,******...........#############
,>,* *.#########.# ,,,*
*,********#.# *,** *,**,,,,,,..#
,,,* *,**,*****### *,,******,**,*
*,,,,,,,,,**,* *,**********,*


There were no monsters in sight!

Vanquished Creatures
  A goblin (D:3)
  A kobold (D:3)
  A ball python (D:2)
  A frilled lizard (D:2)
  2 rats (D:2)
6 creatures vanquished.

Notes
Turn   | Place    | Note
-------+----------+-------------------------------------------
     0 | D:1      | tidbits the Gnoll Wanderer began the quest for the Orb.
     0 | D:1      | tidbits set off with: a +0 shield, a +0 falchion, the Catalogue of Arcane Weapons, a +0 robe, a ration
     0 | D:1      | Reached XP level 1. HP: 17/17 MP: 4/4
     0 | D:1      | Identified the Catalogue of Arcane Weapons
    59 | D:2      | Found a hide-covered altar of Uskayaw.
   162 | D:3      | Quit the game

Action                   || total
-------------------------++-------
Melee: Falchion          ||    15
       Bite              ||     1
  Use: Potion            ||     4
       Scroll            ||     1
Armor: Robe              ||     3
Dodge: Dodged            ||     4
Block: Shield            ||    12
       Rpst.: Falchion   ||     2

Table legend:
 A = Turns spent in this place as a percentage of turns spent in the entire game.
 B = Non-inter-level travel turns spent in this place as a percentage of non-inter-level travel turns spent in the entire game.
 C = Inter-level travel turns spent in this place as a percentage of turns spent in this place.
 D = Turns resting spent in this place as a percentage of non-inter-level travel turns spent in this place.
 E = Turns spent auto-exploring this place as a percentage of non-inter-level travel turns spent in this place.
 F = Non-inter-level travel turns spent in this place divided by the number of levels of this place that you've seen.
                   A       B       C       D       E      F
               +-------+-------+-------+-------+-------+----------------------
         Total | 100.0 | 100.0 |   0.0 |   0.0 |   0.0 |  54.0
       Dungeon | 100.0 | 100.0 |   0.0 |   0.0 |   0.0 |  54.0
               +-------+-------+-------+-------+-------+----------------------

Table legend:
 A = Kills in this place as a percentage of kills in entire the game.
 B = Kills by you in this place as a percentage of kills by you in the entire game.
 C = Kills by friends in this place as a percentage of kills by friends in the entire game.
 D = Other kills in this place as a percentage of other kills in the entire game.
 E = Experience gained in this place as a percentage of experience gained in the entire game.
 F = Experience gained in this place divided by the number of levels of this place that you have seen.
                   A       B       C       D       E      F
               +-------+-------+-------+-------+-------+----------------------
         Total | 100.0 | 100.0 |   N/A |   N/A | 100.0 |   2.7
       Dungeon | 100.0 | 100.0 |   N/A |   N/A | 100.0 |   2.7
               +-------+-------+-------+-------+-------+----------------------

Vault maps used:
D:1:      lemuel_arrival_broad_hall
D:2:      eat_drink_and_be_merry_uskayaw, serial_bayou_lagoon_a,
          grunt_decor_resistance
D:3:      old_standard_altar, nicolae_overflow_hidden_temple, first_ration,
          minivault_19
